TOP OF THE 1ST |
---|
Missouri Tigers batting - Pitching for Cincinnati Bearcats : RHP Rudy England | Pitching: RHP Rudy England | | Batting: LHB Julián Echevarría | 0-0: Ball 1-0: Fly out, F4 (Popup, 4S) | Batting: SHB Marcos Cruz | 0-0: Called Strike 0-1: Ball 1-1: Foul Ball, location: 2F 1-2: Strikes out swinging, 2-3 out at first. | Batting: SHB Brian Fish | 0-0: Called Strike 0-1: Ball 1-1: DOUBLE (Line Drive, 9LM) | Batting: RHB Harvey Willis | 0-0: Ground out U3 (Groundball, 34S) | Top of the 1st over - 0 runs, 1 hit, 0 errors, 1 left on base; Missouri 0 - Cincinnati 0 | BOTTOM OF THE 1ST |
---|
Cincinnati Bearcats batting - Pitching for Missouri Tigers : RHP Kenny Mills | Pitching: RHP Kenny Mills | | Batting: RHB Ron Moore | 0-0: Foul Ball, location: 2F 0-1: SINGLE (Flyball, 7S) | Batting: RHB Dale Castro | 0-0: Ball 1-0: Called Strike 1-1: Ball Ron Moore steals 2nd base 2-1: DOUBLE (Line Drive, 7LS) Ron Moore scores | Batting: SHB Miguel Price | 0-0: Called Strike 0-1: Swinging Strike 0-2: Strikes out swinging | Batting: RHB Craig Porter | 0-0: Swinging Strike 0-1: Swinging Strike 0-2: Ground out 1-3 (Groundball, 13) Dale Castro to third | Batting: RHB Ron McClain | 0-0: Called Strike 0-1: Ball 1-1: Foul Ball, location: 2F 1-2: Hit by Pitch | Batting: LHB Lee Price | 0-0: Foul Ball, location: 2F Error on foul ball, E5 0-2: Ball 1-2: Foul Ball, location: 2F 1-2: Ground out 4-3 (Groundball, 4) | Bottom of the 1st over - 1 run, 2 hits, 1 error, 2 left on base; Missouri 0 - Cincinnati 1 | TOP OF THE 2ND |
---|
Missouri Tigers batting - Pitching for Cincinnati Bearcats : RHP Rudy England | Batting: SHB David Castaneda | 0-0: Called Strike 0-1: Ball 1-1: Ball 2-1: Ball 3-1: Foul Ball, location: 2F 3-2: Base on Balls | Batting: RHB Beau McNeill | 0-0: Ball 1-0: Foul Ball, location: 2F 1-1: Ball 2-1: Swinging Strike 2-2: Strikes out swinging | Batting: RHB Jack Robinson | 0-0: Called Strike 0-1: Ball 1-1: Swinging Strike 1-2: Foul Ball, location: 2F 1-2: Ground out 5-3 (Groundball, 56S) David Castaneda to second | Batting: LHB Alfredo Herrera | 0-0: Ball 1-0: Ball 2-0: Ball 3-0: Called Strike 3-1: Called Strike 3-2: Strikes out swinging | Top of the 2nd over - 0 runs, 0 hits, 0 errors, 1 left on base; Missouri 0 - Cincinnati 1 | BOTTOM OF THE 2ND |
---|
Cincinnati Bearcats batting - Pitching for Missouri Tigers : RHP Kenny Mills | Batting: RHB Scott Snider | 0-0: Foul Ball, location: 2F 0-1: Ball 1-1: Foul Ball, location: 2F 1-2: Foul Ball, location: 2F 1-2: Ball 2-2: Strikes out swinging | Batting: RHB Ralph Summers | 0-0: Foul Ball, location: 2F 0-1: Ball 1-1: Ground out 5-3 (Groundball, 56S) | Batting: RHB Brendan Myers | 0-0: Foul Ball, location: 2F 0-1: Foul Ball, location: 2F 0-2: Foul Ball, location: 2F 0-2: Strikes out looking | Bottom of the 2nd over - 0 runs, 0 hits, 0 errors, 0 left on base; Missouri 0 - Cincinnati 1 | TOP OF THE 3RD |
---|
Missouri Tigers batting - Pitching for Cincinnati Bearcats : RHP Rudy England | Batting: RHB Broderick Banks | 0-0: Called Strike 0-1: Foul Ball, location: 2F 0-2: DOUBLE (Line Drive, 8RD) | Batting: LHB Julián Echevarría | 0-0: Ball Wild Pitch! Broderick Banks to third 1-0: Called Strike 1-1: Ball 2-1: Foul Ball, location: 2F 2-2: Strikes out looking | Batting: SHB Marcos Cruz | 0-0: DOUBLE (Line Drive, 78D) Broderick Banks scores | Batting: SHB Brian Fish | 0-0: Ball 1-0: Foul Ball, location: 2F 1-1: Ball 2-1: SINGLE (Flyball, 89S) Marcos Cruz to third Runner from 3rd tries for Home, SAFE, throw made home Brian Fish to second | Batting: RHB Harvey Willis | 0-0: Ball 1-0: Ball 2-0: Ball 3-0: Base on Balls | Batting: SHB David Castaneda | 0-0: Ball 1-0: Ball 2-0: Fielders Choice at 2nd, 3-6 (Groundball, 3) Brian Fish to third | Batting: RHB Beau McNeill | 0-0: Ball 1-0: Foul Ball, location: 2F 1-1: Foul Ball, location: 2F 1-2: Strikes out swinging | Top of the 3rd over - 2 runs, 3 hits, 0 errors, 2 left on base; Missouri 2 - Cincinnati 1 | BOTTOM OF THE 3RD |
---|
Cincinnati Bearcats batting - Pitching for Missouri Tigers : RHP Kenny Mills | Batting: RHB Ron Moore | 0-0: Called Strike 0-1: Ball 1-1: Ball 2-1: Fly out, F7 (Flyball, 7LMF) | Batting: RHB Dale Castro | 0-0: Ball 1-0: Called Strike 1-1: Ball 2-1: Ball 3-1: Called Strike 3-2: Reached on error, E6 (Groundball, 6) | Batting: SHB Miguel Price | 0-0: Foul Ball, location: 2F 0-1: Called Strike 0-2: Ball 1-2: SINGLE (Line Drive, 56D) Dale Castro to second Runner from 2nd tries for 3rd, SAFE, throw made to third | Pinch Runner at 3rd Bob Castro: | | Batting: RHB Craig Porter | 0-0: Ball 1-0: Called Strike 1-1: Ball 2-1: Foul Ball, location: 2F 2-2: Strikes out swinging | Batting: RHB Ron McClain | 0-0: Called Strike 0-1: Ball 1-1: Ball 2-1: Fly out, F7 (Flyball, 7S) | Bottom of the 3rd over - 0 runs, 1 hit, 1 error, 2 left on base; Missouri 2 - Cincinnati 1 | TOP OF THE 4TH |
---|
Missouri Tigers batting - Pitching for Cincinnati Bearcats : RHP Rudy England | Batting: RHB Jack Robinson | 0-0: Ball 1-0: Fly out, F7 (Flyball, 78S) | Batting: LHB Alfredo Herrera | 0-0: Ball 1-0: Bunt for hit - play at first, batter OUT! 5-3 | Batting: RHB Broderick Banks | 0-0: Ball 1-0: Ground out 5-3 (Groundball, 56) | Top of the 4th over - 0 runs, 0 hits, 0 errors, 0 left on base; Missouri 2 - Cincinnati 1 | BOTTOM OF THE 4TH |
---|
Cincinnati Bearcats batting - Pitching for Missouri Tigers : RHP Kenny Mills | Batting: LHB Lee Price | 0-0: Foul Ball, location: 2F 0-1: SINGLE (Groundball, 2R) (infield hit) | Batting: RHB Scott Snider | 0-0: Called Strike 0-1: Ball 1-1: Hit by Pitch Lee Price to second | Batting: RHB Ralph Summers | 0-0: Ball 1-0: Ground out 5-3 (Groundball, 56S) Lee Price to third Scott Snider to second | Batting: RHB Brendan Myers | 0-0: Called Strike 0-1: Called Strike 0-2: Ball 1-2: Strikes out swinging | Batting: RHB Ron Moore | 0-0: Ball 1-0: Ball 2-0: Called Strike 2-1: Foul Ball, location: 2F 2-2: Foul Ball, location: 2F 2-2: Strikes out looking | Bottom of the 4th over - 0 runs, 1 hit, 0 errors, 2 left on base; Missouri 2 - Cincinnati 1 | TOP OF THE 5TH |
---|
Missouri Tigers batting - Pitching for Cincinnati Bearcats : RHP Rudy England | Batting: LHB Julián Echevarría | 0-0: Ball 1-0: Ground out 4-3 (Groundball, 4M) | Batting: SHB Marcos Cruz | 0-0: Swinging Strike 0-1: Foul Ball, location: 2F 0-2: SINGLE (Line Drive, 9LM) | Batting: SHB Brian Fish | 0-0: SINGLE (Line Drive, 9LM) Marcos Cruz to second Runner from 2nd tries for 3rd, SAFE, throw made to third | Batting: RHB Harvey Willis | 0-0: Grounds into double play, 4-6-3 (Groundball, 4M) | Top of the 5th over - 0 runs, 2 hits, 0 errors, 1 left on base; Missouri 2 - Cincinnati 1 | BOTTOM OF THE 5TH |
---|
Cincinnati Bearcats batting - Pitching for Missouri Tigers : RHP Kenny Mills | Batting: SHB Bob Castro | 0-0: Ball 1-0: Foul Ball, location: 2F 1-1: Ball 2-1: DOUBLE (Groundball, 3L) | Batting: SHB Miguel Price | 0-0: Ball 1-0: SINGLE (Line Drive, 4MD) Bob Castro to third Runner from 3rd tries for Home, SAFE, throw made home | Pitching: RHP Thomas Long | | Batting: RHB Craig Porter | 0-0: Ball 1-0: Ball 2-0: 2-RUN HOME RUN (Flyball, 89XD), Distance : 367 ft | Batting: RHB Ron McClain | 0-0: Foul Ball, location: 2F 0-1: Called Strike 0-2: Ball 1-2: Ball 2-2: Strikes out swinging | Batting: LHB Lee Price | 0-0: Ball 1-0: Called Strike 1-1: Ground out 4-3 (Groundball, 4) | Batting: RHB Scott Snider | 0-0: Called Strike 0-1: Swinging Strike 0-2: Ball 1-2: Foul Ball, location: 2F 1-2: Ball 2-2: Ball 3-2: Strikes out looking | Bottom of the 5th over - 3 runs, 3 hits, 0 errors, 0 left on base; Missouri 2 - Cincinnati 4 | TOP OF THE 6TH |
---|
Missouri Tigers batting - Pitching for Cincinnati Bearcats : RHP Rudy England | Batting: SHB David Castaneda | 0-0: Swinging Strike 0-1: Ground out 6-3 (Groundball, 6) | Batting: RHB Beau McNeill | 0-0: Ball 1-0: Fly out, F4 (Line Drive, 4) | Batting: RHB Jack Robinson | 0-0: Called Strike 0-1: Fly out, F9 (Flyball, 9S) | Top of the 6th over - 0 runs, 0 hits, 0 errors, 0 left on base; Missouri 2 - Cincinnati 4 | BOTTOM OF THE 6TH |
---|
Cincinnati Bearcats batting - Pitching for Missouri Tigers : RHP Thomas Long | Batting: RHB Ralph Summers | 0-0: Called Strike 0-1: Ball 1-1: Ball 2-1: Ball 3-1: Base on Balls | Batting: RHB Brendan Myers | 0-0: Ball 1-0: Foul Ball, location: 2F 1-1: Ball 2-1: Called Strike 2-2: Fly out, F9 (Flyball, 8RS) | Batting: RHB Ron Moore | 0-0: Called Strike Ralph Summers is caught stealing 2nd base 0-1: Ball 1-1: Ball 2-1: Called Strike 2-2: Strikes out looking | Bottom of the 6th over - 0 runs, 0 hits, 0 errors, 0 left on base; Missouri 2 - Cincinnati 4 | TOP OF THE 7TH |
---|
Missouri Tigers batting - Pitching for Cincinnati Bearcats : RHP Rudy England | Batting: LHB Alfredo Herrera | 0-0: Fly out, F4 (Line Drive, 34) | Batting: RHB Broderick Banks | 0-0: Called Strike 0-1: Called Strike 0-2: Ball 1-2: Strikes out swinging | Batting: LHB Julián Echevarría | 0-0: Ball 1-0: SOLO HOME RUN (Flyball, 9LD), Distance : 322 ft | Batting: SHB Marcos Cruz | 0-0: Ball 1-0: Foul Ball, location: 2F 1-1: Ball 2-1: Swinging Strike 2-2: Ball 3-2: Base on Balls | Pitching: RHP Casey Scott | | Batting: SHB Brian Fish | 0-0: Ball Marcos Cruz steals 2nd base 1-0: Swinging Strike 1-1: Fly out, F7 (Flyball, 7LSF) | Top of the 7th over - 1 run, 1 hit, 0 errors, 1 left on base; Missouri 3 - Cincinnati 4 | BOTTOM OF THE 7TH |
---|
Cincinnati Bearcats batting - Pitching for Missouri Tigers : RHP Thomas Long | Batting: SHB Bob Castro | 0-0: Ball 1-0: Called Strike 1-1: Fly out, F7 (Flyball, 78D) | Batting: SHB Miguel Price | 0-0: Foul Ball, location: 2F 0-1: Ball 1-1: Ball 2-1: SOLO HOME RUN (Flyball, 89XD), Distance : 378 ft | Pitching: LHP Larry Payne | | Batting: RHB Craig Porter | 0-0: Ball 1-0: Ground out 6-3 (Groundball, 6) | Batting: RHB Ron McClain | 0-0: Ball 1-0: Ball 2-0: Swinging Strike 2-1: Ball 3-1: Swinging Strike 3-2: Foul Ball, location: 2F 3-2: Base on Balls | Batting: LHB Lee Price | 0-0: Ball 1-0: Fly out, F7 (Flyball, 7D) | Bottom of the 7th over - 1 run, 1 hit, 0 errors, 1 left on base; Missouri 3 - Cincinnati 5 | TOP OF THE 8TH |
---|
Missouri Tigers batting - Pitching for Cincinnati Bearcats : RHP Casey Scott | Batting: RHB Harvey Willis | 0-0: Foul Ball, location: 2F 0-1: Ball 1-1: Foul Ball, location: 2F 1-2: Ball 2-2: Fly out, F9 (Flyball, 9D) | Batting: SHB David Castaneda | 0-0: Called Strike 0-1: DOUBLE (Popup, 5D) | Batting: RHB Beau McNeill | 0-0: Ball 1-0: Ground out 3-1 (Groundball, 34) David Castaneda to third | Batting: RHB Jack Robinson | 0-0: Ball 1-0: Ball 2-0: Foul Ball, location: 2F 2-1: Called Strike 2-2: Ball 3-2: Base on Balls | Batting: LHB Alfredo Herrera | 0-0: Ball 1-0: Ground out 1-3 (Groundball, P) | Top of the 8th over - 0 runs, 1 hit, 0 errors, 2 left on base; Missouri 3 - Cincinnati 5 | BOTTOM OF THE 8TH |
---|
Cincinnati Bearcats batting - Pitching for Missouri Tigers : LHP Larry Payne | Batting: RHB Scott Snider | 0-0: Called Strike 0-1: Fly out, F4 (Flyball, 4D) | Batting: RHB Ralph Summers | 0-0: Called Strike 0-1: SINGLE (Line Drive, 3) | Batting: RHB Brendan Myers | 0-0: Ball Ralph Summers is caught stealing 2nd base 1-0: Swinging Strike 1-1: SINGLE (Groundball, 3L) (infield hit) | Batting: RHB Ron Moore | 0-0: Foul Ball, location: 2F 0-1: Fly out, F3 (Popup, 34S) | Bottom of the 8th over - 0 runs, 2 hits, 0 errors, 1 left on base; Missouri 3 - Cincinnati 5 | TOP OF THE 9TH |
---|
Missouri Tigers batting - Pitching for Cincinnati Bearcats : RHP Casey Scott | Pitching: RHP Frank Scott | | Batting: RHB Broderick Banks | 0-0: Called Strike 0-1: Foul Ball, location: 2F 0-2: Ball 1-2: Strikes out looking | Batting: LHB Julián Echevarría | 0-0: Called Strike 0-1: Ball 1-1: Ball 2-1: Called Strike 2-2: Fly out, F6 (Popup, 4M) | Batting: SHB Marcos Cruz | 0-0: Ball 1-0: Called Strike 1-1: Ball 2-1: Ground out 6-3 (Groundball, 6M) | Top of the 9th over - 0 runs, 0 hits, 0 errors, 0 left on base; Missouri 3 - Cincinnati 5 | |